 Dungeon Crawl Stone Soup version 0.31-a0-542-gdc2a67831c (webtiles) character file.

Game seed: 512337261896526476

657 MackTheKnife the Magician (level 7, -7/36 HPs)
             Began as a Deep Elf Wanderer on Aug 14, 2023.
             Mangled by a wight
             ... wielding a +5 dagger
              (15 damage)
             ... on level 9 of the Dungeon.
             The game lasted 00:08:25 (4301 turns).

MackTheKnife the Magician (Deep Elf Wanderer)       Turns: 4301, Time: 00:08:26

Health: -7/36      AC:  2    Str:  9    XL:     7   Next: 29%
Magic:  10/19      EV: 11    Int: 20    God:
Gold:   86         SH:  0    Dex: 13    Spells: 16/20 levels left

rFire   + . .        l - +0 whip (venom) {mace}
rCold   + + .        (no shield)
rNeg    . . .        k - +0 robe
rPois   +            (no helmet)
rElec   +            (no cloak)
rCorr   +            (no gloves)
SInv    .            (no boots)
Will    .....        (no amulet)
Stlth   +            f - ring of protection from cold
HPRegen 0.26/turn    (no ring)
MPRegen 0.16/turn

%: no passive effects
@: resistant
A: no striking features
a: no special abilities


You were on level 9 of the Dungeon.
You visited 2 branches of the dungeon, and saw 8 of its levels.

You collected 193 gold pieces.
You spent 107 gold pieces at shops.


   Skills:
 - Level 3.2 Armour
 + Level 7.1 Spellcasting
 + Level 5.4 Conjurations
 - Level 1.0 Air Magic
 - Level 5.3 Earth Magic


You had 16 spell levels left.
You knew the following spells:

 Your Spells              Type           Power      Damage    Failure   Level
a - Sandblast             Erth           56%        2d13      1%          1
b - Stone Arrow           Conj/Erth      56%        3d10      3%          3

Your spell library contained the following spells:

 Spells                   Type           Power      Damage    Failure   Level
 Static Discharge         Conj/Air       40%        2-4/arc   3%          2
 Poisonous Vapours        Pois/Air       18%        N/A       12%         2
 Sublimation of Blood     Necr           7%         N/A       14%         2
 Summon Guardian Golem    Hex/Summ       7%         N/A       28%         3
 Volatile Blastmotes      Fire/Tloc      14%        2d11      28%         3
 Fulminant Prism          Conj/Hex       9%         3d7       30%         4
 Iskenderun's Mystic Bla  Conj/Tloc      18%        2d6       30%         4
 Petrify                  Tmut/Erth      17%        N/A       30%         4
 Irradiate                Conj/Tmut      9%         3d14      63%         5
 Malign Gateway           Summ/Tloc      3%         N/A       100%        7
 Orb of Destruction       Conj           14%        9d7       100%        7
 Spellforged Servitor     Conj/Summ      9%         N/A       100%        7
 Summon Horrible Things   Summ           3%         N/A       100%        8

Inventory:

Hand Weapons
 l - a +0 whip of venom (weapon) {mace}
   (You took it off a gnoll on level 2 of the Dungeon)
Armour
 k - a +0 robe (worn)
   (You found it on level 1 of the Dungeon)
Jewellery
 f - a ring of protection from cold (left hand)
   (You found it on level 1 of the Dungeon)
Wands
 h - a wand of roots (8)
   (You found it on level 2 of the Dungeon)
Scrolls
 a - 2 scrolls of identify {@r1}
 c - a scroll of vulnerability {!r!r}
 j - 2 scrolls of revelation
Potions
 e - 2 potions of might
 i - 5 potions of curing {@q1}
 n - a potion of heal wounds {@q2}

Dungeon Overview and Level Annotations

Branches:
Dungeon (9/15) Zot: 26966  Temple (1/1) D:4 Zot: 5972    Lair (0/5) D:9
    Orc: D:9-12

Altars:
Cheibriados
Dithmenos
Elyvilon
Fedhas
Qazlal
Trog
Uskayaw
Vehumet
Wu Jian
Zin
The Shining One

Shops:
D:2 *(?!=

Portals:
Abyss: D:5

**,**...,,##...........#.#
*****,§####§####.#.........#.#
*,,,,,§§§§§§§§...#......####.#
*,,,,,§§§§§§§.##+#......#.....
*,,,,,§§§.§§§)#...............
*,,,,,§§§§§§§z#...............
***,,,§§§§§§yz#...............
*,,,§§§§§§§z#...............
**,,,§§§§§§§@#.........#+##..
*,,,,§§§§§§§§§.........#..#..
*,,,,§§§§§§§§§§........##....
*,,,,§§§§§§§§§§§.............
*,,,,§§§§§§§§§§§###.##.......
**,,,§§§§§§§§§§§§....+.......
*,,,§§§§§§§§§§##§,,,*,,,,,,,
*,,,...........,..,,,,,,,,,,
*,,,,,,,,,,,,,**,,,**,,,,,,,


You could see a hornet (very poisoned) and 3 wights.


Message History

You take 9 damage, and now have 21/36 hp.
MASSIVE DAMAGE!! (PAUSE)
As you read the scroll of revelation, it crumbles to dust.
You feel aware of your surroundings.
You sensed 3 altars.
You feel sick.
You feel sick. 😮 HP[-1]
You take 1 damage, and now have 20/36 hp.
Unknown command.
You feel sick.
You are no longer poisoned. 😮 HP[-1]
You take 1 damage, and now have 19/36 hp.
Unknown command. 😮 HP[+1]
Found a stone staircase leading up. 😮 HP[+1]
A wight comes into view. It is wielding a +4 long sword.
Found a snail-covered altar of Cheibriados. 2 wights come into view.
A centaur comes into view.
The centaur shouts!
You hear a shout!
The centaur wields a +0 shortbow.
The centaur shoots an arrow.
The arrow barely misses you. 😮 HP[+1]
Found a staircase to the Lair. 😮 HP[+1] 😮 HP[+1]
The centaur shoots an arrow.
The arrow hits you!
* * * LOW HITPOINT WARNING * * *
😨 HP[-10]
You take 10 damage, and now have 14/36 hp.
MASSIVE DAMAGE!! (PAUSE)
Okay, then.
It was a potion of heal wounds.
You feel much better. 😎 HP[+22]
Your hp is fully restored (36).
Aiming: Fastroot
Press: ? - help, Shift-Dir - straight line, f - centaur
Aim: a centaur, wielding a +0 shortbow The roots erupt in riotous growth!
Roots grab the centaur.
The grasping roots constrict the centaur.
The centaur shoots an arrow.
The arrow hits you!
The centaur shoots an arrow.
The arrow hits you!
* * * LOW HITPOINT WARNING * * *
😨 HP[-23]
You take 23 damage, and now have 13/36 hp.
MASSIVE DAMAGE!! (PAUSE) Unknown command.
Casting: Stone Arrow (dangerous; 3% risk of failure)
Confirm with . or Enter, or press ? or * to list all spells.
Aiming: Stone Arrow (dangerous; 3% risk of failure)
Press: ? - help, Shift-Dir - straight line, f/p - centaur
Aim: a centaur, wielding a +0 shortbow (lightly wounded, constricted by roots, 100% to hit)
The stone arrow hits the centaur!
The grasping roots constrict the centaur.
The roots release their grip on the centaur.
The centaur shoots an arrow.
The arrow hits you!
* * * LOW HITPOINT WARNING * * *
A hornet comes into view. 😱 HP[-6] MP[-3]
You take 6 damage, and now have 7/36 hp.
You lost 3 mp, and now have 16/19 mp.
Unknown command.
Casting: Stone Arrow (dangerous; 3% risk of failure)
Confirm with . or Enter, or press ? or * to list all spells.
Aiming: Stone Arrow (dangerous; 3% risk of failure)
Press: ? - help, Shift-Dir - straight line, f/p - centaur
Aim: a centaur, wielding a +0 shortbow (severely wounded, 83% to hit)
The stone arrow misses the centaur.
The hornet buzzes angrily.
The centaur shoots an arrow.
The arrow barely misses you.
The centaur shoots an arrow.
The arrow closely misses you. 😱 MP[-3]
You lost 3 mp, and now have 13/19 mp.
Casting: Stone Arrow (dangerous; 3% risk of failure)
Confirm with . or Enter, or press ? or * to list all spells.
Aiming: Stone Arrow (dangerous; 3% risk of failure)
Press: ? - help, Shift-Dir - straight line, f/p - centaur
Aim: a centaur, wielding a +0 shortbow (severely wounded, 83% to hit)
The stone arrow hits the centaur!
You kill the centaur!
Your Spellcasting skill increases to level 7! 😱 MP[-3]
You lost 3 mp, and now have 10/19 mp.
Unknown command.
Okay, then.
Okay, then.
The air fills with toxic fumes!
As you read the scroll of poison {!r}, it crumbles to dust. 😱 HP[+1]
Okay, then.
It was a potion of resistance.
You feel protected.
The hornet is engulfed in poison gas.
The hornet is poisoned.
The hornet looks even sicker.
Okay, then.
The hornet is engulfed in poison gas.
The hornet looks even sicker.
The wight attacks as you move away! The wight hits you with a +5 dagger!
You die...

Skill      XL: |  1  2  3  4  5  6  7 |
---------------+----------------------+-----
Earth Magic    | 5 |  5.3
Spellcasting   | 2 3 4 6 7 |  7.1
Conjurations   | 1 2 4 5 |  5.4
Armour         | |  3.2
Air Magic      | |  1.0

Action                     |  1- 3 |  4- 6 |  7- 9 || total
---------------------------+-------+-------+-------++-------
  Melee: Whip              |       |    11 |       ||    11
   Cast: Sandblast         |    54 |   102 |    22 ||   178
         Stone Arrow       |       |     2 |     4 ||     6
  Evoke: Wand              |       |     2 |     3 ||     5
    Use: Scroll            |     3 |     4 |     6 ||    13
         Potion            |       |       |     2 ||     2
 Armour: Robe              |       |     7 |     3 ||    10
  Dodge: Dodged            |    10 |    22 |    12 ||    44

Levels and vault maps discovered:
D:1:      dpeg_arrival_houses_and_road, layout_basic,
          hellmonk_ecumenical_altar_arch_garden
D:2:      kennysheep_the_goblin_king, layout_basic, serial_shops,
          nicolae_shop_just_a_little_nook, shop_statue, shop,
          nicolae_shop_just_a_little_nook, shop, kennysheep_doodads,
          minmay_pentomino_z4
D:3:      layout_rooms, lemuel_doored_altar, serial_aquarium,
          aquarium_bridge_straight [aquarium_subvault_bridge,
          aquarium_subvault_wall, aquarium_subvault_bridge,
          aquarium_subvault_wall], aquarium_bridge_long_joined
          [aquarium_subvault_bridge, aquarium_subvault_window,
          aquarium_subvault_bridge, aquarium_subvault_bridge,
          aquarium_subvault_bridge, aquarium_subvault_bridge],
          aquarium_window_1, aquarium_window_corridor_1, aquarium_window_1,
          aquarium_window_fake, aquarium_view_2g
D:4:      layout_loops_ring, trog_hazing_becter, minmay_temple_entry_glass,
          uniq_sigmund
D:5:      due_chaos_kobolds, layout_loops_ring, nemelex_dance_club_becter,
          general_overflow_altar, lemuel_coloured_pillars_altar,
          kennysheep_small_circle
D:8:      minmay_klotski, layout_basic, mainiacjoe_overflow_big_doors,
          nicolae_kite_square_tiling_tiny, uniq_pikel
D:9:      layout_basic, okawaru_altar_gauntlet_db, bloody_makhleb,
          old_standard_altar, lair_entry_dummy
Temple:   hellmonk_temple_flake

Notes
Turn   | Place    | Note
-------+----------+-------------------------------------------
     0 | D:1      | MackTheKnife the Deep Elf Wanderer began the quest for the
                  | Orb.
     0 | D:1      | MackTheKnife set off with the following items: a +0 dagger
                  | {short}, a scroll of fog, a +0 scale mail; and the
                  | following spell memorised: Sandblast; and the following
                  | spells available to memorise: Poisonous Vapours, Static
                  | Discharge, Stone Arrow, Petrify.
     0 | D:1      | Reached XP level 1. HP: 10/10 MP: 5/5
     0 | D:1      | magus.rc [v1.9.6]
   146 | D:1      | Reached XP level 2. HP: 15/15 MP: 3/6
   207 | D:1      | Reached skill level 5 in Earth Magic
   358 | D:1      | Found a faded altar of an unknown god.
   485 | D:1      | Reached skill level 2 in Spellcasting
   516 | D:1      | You pick up a book of Dangerous Friends and begin
                  | reading...
   516 | D:1      | You add the spells Summon Guardian Golem, Orb of
                  | Destruction and Spellforged Servitor to your library.
   729 | D:1      | Reached XP level 3. HP: 19/19 MP: 6/8
   900 | D:1      | You add the spells Malign Gateway and Summon Horrible
                  | Things to your library.
   912 | D:1      | Learned a level 3 spell: Stone Arrow
  1066 | D:2      | Found Nunuomi Gege's Magic Scroll Shop.
  1071 | D:2      | Bought a scroll of identify for 20 gold pieces
  1072 | D:2      | Bought a scroll of identify for 20 gold pieces
  1072 | D:2      | Bought a scroll of identify for 20 gold pieces
  1072 | D:2      | Bought a scroll of identify for 20 gold pieces
  1082 | D:2      | Reached skill level 1 in Conjurations
  1186 | D:2      | Reached skill level 3 in Spellcasting
  1211 | D:2      | Reached XP level 4. HP: 22/24 MP: 5/10
  1496 | D:2      | Found Rininiar's Weapon Shoppe.
  1512 | D:2      | Reached skill level 2 in Conjurations
  1628 | D:2      | Reached skill level 4 in Spellcasting
  1810 | D:2      | Found Duonte's Jewellery Emporium.
  1948 | D:2      | Reached XP level 5. HP: 28/28 MP: 11/13
  2011 | D:2      | Found Rujes's Assorted Antiques.
  2035 | D:2      | Bought a scroll labelled XIAMUM MOPOCW for 27 gold pieces
  2103 | D:2      | Found Xuzo's Distillery.
  2275 | D:3      | Reached skill level 3 in Conjurations
  2367 | D:3      | Found an ornate altar of the Wu Jian Council.
  2613 | D:3      | Reached skill level 5 in Spellcasting
  3070 | D:4      | Found a staircase to the Ecumenical Temple.
  3090 | D:4      | You pick up a book of Blasting and begin reading...
  3090 | D:4      | You add the spells Volatile Blastmotes, Fulminant Prism and
                  | Iskenderun's Mystic Blast to your library.
  3098 | Temple   | Entered the Ecumenical Temple
  3251 | D:4      | Noticed Sigmund
  3255 | D:4      | Killed Sigmund
  3256 | D:4      | Reached skill level 6 in Spellcasting
  3256 | D:4      | Reached skill level 4 in Conjurations
  3256 | D:4      | Reached XP level 6. HP: 30/32 MP: 13/17
  3338 | D:4      | You pick up a book of Alchemy and begin reading...
  3338 | D:4      | You add the spells Sublimation of Blood and Irradiate to
                  | your library.
  3513 | D:4      | Noticed an orc warrior
  3517 | D:4      | Killed an orc warrior
  3518 | D:4      | Reached skill level 5 in Conjurations
  3518 | D:4      | Reached XP level 7. HP: 36/36 MP: 13/18
  3819 | D:4      | Found a bloodstained altar of Trog.
  3951 | D:5      | Entered Level 5 of the Dungeon
  4043 | D:5      | Found a one-way gate to the infinite horrors of the Abyss.
  4135 | D:5      | You fall into a shaft and drop 3 floors!
  4163 | D:8      | Noticed a gargoyle
  4257 | D:8      | Noticed a hornet
  4280 | D:9      | Found a snail-covered altar of Cheibriados.
  4287 | D:9      | Found a staircase to the Lair.
  4295 | D:9      | HP: 7/36 [centaur/arrow (7)]
  4295 | D:9      | Noticed a hornet
  4298 | D:9      | Reached skill level 7 in Spellcasting
  4301 | D:9      | Mangled by a wight

Vanquished Creatures
  Sigmund (D:4)
  An orc warrior (D:4)
  A centaur (D:9)
  A gnoll bouda (D:3)
  An orc priest (D:4)
  6 gnolls
  6 adders
  An ufetubus (D:4)
  A worm (D:2)
  3 dart slugs
  11 orcs
  9 ball pythons
  7 bats
  9 endoplasms
  7 giant cockroaches
  19 goblins
  12 hobgoblins
  3 jackals (D:2)
  11 kobolds
  5 quokkas
  7 frilled lizards
  9 rats
131 creatures vanquished.

Table legend:
 A = Non-vault XP
 B = Vault XP
 C = Vault XP percentage of total XP
 D = Non-vault monster count
 E = Vault monster count
 F = Vault count percentage of total count
                 A         B        C        D         E       F
            +---------+---------+-------+---------+---------+-------
      Total |     682 |     257 |  27.4 |     113 |      18 |  13.7
            +---------+---------+-------+---------+---------+-------
        D:1 |      55 |       0 |   0.0 |      33 |       0 |   0.0
        D:2 |     128 |      20 |  13.5 |      33 |      11 |  25.0
        D:3 |     140 |       0 |   0.0 |      26 |       0 |   0.0
        D:4 |     222 |     237 |  51.6 |      15 |       7 |  31.8
        D:5 |      25 |       0 |   0.0 |       5 |       0 |   0.0
        D:9 |     112 |       0 |   0.0 |       1 |       0 |   0.0
            +---------+---------+-------+---------+---------+-------

Skill      XL: |  1  2  3  4  5  6  7 |
---------------+----------------------+-----
Earth Magic    | 5 |  5.3
Spellcasting   | 2 3 4 6 7 |  7.1
Conjurations   | 1 2 4 5 |  5.4
Armour         | |  3.2
Air Magic      | |  1.0

Action                     |  1- 3 |  4- 6 |  7- 9 || total
---------------------------+-------+-------+-------++-------
  Melee: Whip              |       |    11 |       ||    11
   Cast: Sandblast         |    54 |   102 |    22 ||   178
         Stone Arrow       |       |     2 |     4 ||     6
  Evoke: Wand              |       |     2 |     3 ||     5
    Use: Scroll            |     3 |     4 |     6 ||    13
         Potion            |       |       |     2 ||     2
 Armour: Robe              |       |     7 |     3 ||    10
  Dodge: Dodged            |    10 |    22 |    12 ||    44

Illustrated notes

Table legend:
 A = Kills in this place as a percentage of kills in the entire game.
 B = Kills by you in this place as a percentage of kills by you in the entire game.
 C = Kills by friends in this place as a percentage of kills by friends in the entire game.
 D = Other kills in this place as a percentage of other kills in the entire game.
 E = Experience gained in this place as a percentage of experience gained in the entire game.
 F = Experience gained in this place divided by the number of levels of this place that you have seen.
                   A       B       C       D       E      F
               +-------+-------+-------+-------+-------+----------------------
         Total | 100.0 | 100.0 |   N/A |   N/A | 100.0 | 117.4
       Dungeon | 100.0 | 100.0 |   N/A |   N/A | 100.0 | 134.1
               +-------+-------+-------+-------+-------+----------------------

Table legend: (Time is in decaauts)
 A = Elapsed time spent in this place.
 B = Non-inter-level travel time spent in this place.
 C = Inter-level travel time spent in this place.
 D = Time resting spent in this place.
 E = Time spent auto-exploring this place.
 F = Levels seen in this place.
 G = Mean time per level.
                   A        B        C        D        E       F      G
               +--------+--------+--------+--------+--------+-----+--------+
         Total |   4389 |   4087 |    302 |    317 |   3064 |   8 |  548.6 |
       Dungeon |   4361 |   4059 |    302 |    317 |   3064 |   7 |  623.0 |
        Temple |     27 |     27 |      0 |      0 |      0 |   1 |   27.0 |
               +--------+--------+--------+--------+--------+-----+--------+

Top non-repeatable levels by time:
     D:1: 1129 daAuts
     D:2: 1082 daAuts
     D:4: 950 daAuts
     D:3: 878 daAuts
     D:5: 156 daAuts
     D:8: 131 daAuts
     D:9: 33 daAuts
  Temple: 27 daAuts
